 Dungeon Crawl Stone Soup version 0.30-b1-2-g02819fbbbe (webtiles) character file.

Game seed: 18325289858292066965

37 loralnil the Sneak (level 3, -5/16 HPs)
             Began as a Spriggan Enchanter on Jan 12, 2024.
             Killed by nerve-wracking pain
             ... invoked by Jessica
              (14 damage)
             ... on level 2 of the Dungeon.
             The game lasted 00:03:17 (1609 turns).

loralnil the Sneak (Spriggan Enchanter)             Turns: 1609, Time: 00:03:18

Health: -5/16      AC:  2    Str:  4    XL:     3   Next: 23%
Magic:  6/8        EV: 17    Int: 18    God:
Gold:   91         SH:  0    Dex: 15    Spells: 6/8 levels left

rFire   . . .        a - +1 dagger
rCold   . . .        (no shield)
rNeg    . . .        b - +0 robe
rPois   +            (helmet restricted)
rElec   .            (no cloak)
rCorr   .            (gloves unavailable)
SInv    +            (boots unavailable)
Will    .....        (no amulet)
Stlth   +++          e - ring of poison resistance
HPRegen 0.22/turn    (no ring)
MPRegen 0.11/turn

%: no passive effects
@: very quick
A: very small, no large weapons, unfitting armour, see invisible, speed 3
a: no special abilities


You were on level 2 of the Dungeon.
You visited 1 branch of the dungeon, and saw 2 of its levels.

You collected 91 gold pieces.

Inventory:

Hand Weapons
 a - a +1 dagger (weapon)
Armour
 b - a +0 robe (worn)
Jewellery
 e - a ring of poison resistance (left hand)
Scrolls
 l - a scroll of blinking
Potions
 c - 2 potions of invisibility
 d - a potion of degeneration {unknown}
 f - a potion of cancellation {unknown}
 h - a potion of attraction {unknown}
 j - a potion of might {unknown}
 k - a potion of curing {unknown}


   Skills:
 + Level 1.8 Short Blades
 + Level 3.2 Dodging
 + Level 4.9 Stealth
 - Level 3.0 Spellcasting
 + Level 4.0 Hexes
 + Level 0.5 Ice Magic


You had 6 spell levels left.
You knew the following spells:

 Your Spells              Type           Power      Damage    Failure   Level
a - Ensorcelled Hibernat  Hex/Ice        20%        N/A       10%         2

Your spell library contained the following spells:

 Spells                   Type           Power      Damage    Failure   Level
 Confusing Touch          Hex            17%        N/A       10%         3
 Tukima's Dance           Hex            17%        N/A       10%         3
 Freeze                   Ice            16%        1d4       13%         1
 Dazzling Flash           Conj/Hex       18%        N/A       22%         3
 Frozen Ramparts          Ice            8%         1d2       36%         3
 Hailstorm                Conj/Ice       3%         3d3       41%         3


Dungeon Overview and Level Annotations

Branches:
Dungeon (2/15)

Altars:

Annotations:
D:2 Jessica


Innate Abilities, Weirdness & Mutations

You are very small and have problems with some larger weapons.
You are too small for most types of armour.
You have supernaturally acute eyesight. (SInv)
You cover ground extremely quickly. (Speed+++)


Message History

The goblin shouts!
You see here a +0 cloak.
Found a scroll labelled UNIFOECZOPAU.
You start resting.
Jessica is nearby!
Casting: Ensorcelled Hibernation (safe; 10% risk of failure)
Confirm with . or Enter, or press ? or * to list all spells.
Aiming: Ensorcelled Hibernation (safe; 10% risk of failure)
Press: ? - help, Shift-Dir - straight line, f - goblin
Aim: a goblin, wielding a +0 dagger (chance to affect: 62%)
The goblin looks drowsy...
The helpless goblin fails to defend itself.
You impale the goblin!!
You kill the goblin!
Jessica casts a spell.
Jessica blinks!
Things that are here:
a +0 dagger; a goblin corpse
Casting: Ensorcelled Hibernation (safe; 10% risk of failure)
Confirm with . or Enter, or press ? or * to list all spells.
You can't see any susceptible monsters within range! (Use Z to cast anyway.)
You start resting.
Jessica is nearby!
Casting: Ensorcelled Hibernation (safe; 10% risk of failure)
Confirm with . or Enter, or press ? or * to list all spells.
Aiming: Ensorcelled Hibernation (safe; 10% risk of failure)
Press: ? - help, Shift-Dir - straight line, f - you That would be overly suicidal.
Okay, then.
Casting: Ensorcelled Hibernation (safe; 10% risk of failure)
Confirm with . or Enter, or press ? or * to list all spells.
Aiming: Ensorcelled Hibernation (safe; 10% risk of failure)
Press: ? - help, Shift-Dir - straight line, f - you
Okay, then.
You hit Jessica.
Jessica is moderately wounded.
Jessica gestures at you while chanting. Pain shoots through your body!
Ouch! That really hurt!
You die...

#.#..# ##.##.##..,**,**,***
#....# #.##.####,,,,,,,,,* #.##.#
#.##.# *,**,**,*,* ***#.##.#
#.##.# *,**>**,*,*
,,,..##.#######.##.####.##,**,*,*
**#####....†....##........,,,,*,*
#.#######...[..@g$..,****,* *.#
#@######...#*****,* *.#
#.@..?...#,.,**,,,* ##.##
########...*,**,*** ##...**
**,**,**,* #....,* *,**,**,*
#....** *,**,**,* #.#.#*
*,**,**,* #.#.# ********,**,**,*
#<#.# *,,,,,,,,**,**,* #.#.##
*,*********,**,*


You could see Jessica.

Vanquished Creatures
  A dart slug (D:2)
  5 bats
  3 endoplasms
  2 giant cockroaches (D:1)
  5 goblins
  2 hobgoblins
  2 quokkas (D:2)
  4 ball pythons
  4 frilled lizards
  5 rats
33 creatures vanquished.

Notes
Turn   | Place    | Note
-------+----------+-------------------------------------------
     0 | D:1      | loralnil the Spriggan Enchanter began the quest for the
                  | Orb.
     0 | D:1      | Reached XP level 1. HP: 9/9 MP: 5/5
   196 | D:1      | Reached XP level 2. HP: 10/13 MP: 6/6
   199 | D:1      | Learned a level 2 spell: Ensorcelled Hibernation
  1401 | D:2      | Reached XP level 3. HP: 16/16 MP: 5/8
  1589 | D:2      | Noticed Jessica
  1609 | D:2      | Killed from afar by Jessica

Illustrated notes

Levels and vault maps discovered:
D:1:      ncdulo_smallfort, layout_basic
D:2:      layout_loops_ring, uniq_jessica

Skill      XL: |  1  2  3 |
---------------+----------+-----
Dodging        | 3 |  3.2
Spellcasting   | 3 |  3.0
Hexes          | 4 |  4.0
Short Blades   | |  1.8
Stealth        | |  4.9
Ice Magic      | |  0.5

Action                     || total
---------------------------++-------
  Melee: Dagger            ||    69
   Cast: Ensorcelled Hiber ||    26
    Use: Scroll            ||     4
   Stab: Sleeping          ||    25
 Armour: Robe              ||     7
  Dodge: Dodged            ||    44
